 Dungeon Crawl Stone Soup version 0.24.0-2-g5b39cebb1c (webtiles) character file.

Game seed: 10521275747628120126, levelgen mode: deterministic

58279 Linguinho the Grappler (level 14, -3/147 HPs)
             Began as a Troll Fighter on Oct 30, 2019.
             Was the Champion of the Shining One.
             Slain by a spark wasp (15 damage)
             ... on level 1 of the Depths.
             The game lasted 00:41:03 (14264 turns).

Linguinho the Grappler (Troll Fighter)             Turns: 14264, Time: 00:41:04

Health: -3/147     AC: 11    Str: 27    XL:     14   Next: 48%
Magic:  19/19      EV: 11    Int:  4    God:    the Shining One [******]
Gold:   1146       SH: 18    Dex: 15    Spells: 13/13 levels left

rFire    + . .     SeeInvis .     - Unarmed
rCold    . . .     Gourm    +   b - +0 shield
rNeg     + + +     Faith    .   L - +1 robe "Pufeim" {Regen+ Slay+2}
rPois    +         Spirit   .   M - +1 hat
rElec    .         Reflect  +   s - +1 cloak
rCorr    +         Harm     .   (gloves unavailable)
MR       +....                  (boots unavailable)
Stlth    +.........             l - +6 amulet of reflection
HPRegen  1.14/turn              z - ring of poison resistance
MPRegen  0.16/turn              h - ring of resist corrosion

@: glowing
A: large, unfitting armour, claws 3, hooves 1, rugged brown scales 1, agile 1,
fire resistance 1, fast metabolism 3, gourmand, regeneration 1, shaggy fur 1,
tough skin 3
a: Divine Shield, Cleansing Flame, Summon Divine Warrior, Brand Weapon With Holy
Wrath, Renounce Religion


You were on level 1 of the Depths.
You worshipped the Shining One.
The Shining One was exalted by your worship.
You were completely stuffed.

You visited 3 branches of the dungeon, and saw 17 of its levels.
You visited 1 bazaar.
You also visited: Bailey and Gauntlet.

You collected 1272 gold pieces.
You spent 126 gold pieces at shops.

Inventory:

Hand Weapons
 n - the +3 quarterstaff "Viv Ine" {freeze, *Contam MR+ Stlth+}
   (You found it on level 6 of the Dungeon)

   It has been specially enchanted to freeze those struck by it, causing extra
   injury to most foes and up to half again as much damage against particularly
   susceptible opponents.
   It can also slow down cold-blooded creatures.
   It affects your resistance to hostile enchantments.
   It causes magical contamination when unequipped.
   It makes you more stealthy.
 E - a +2 great sword of holy wrath
 F - a +2 vampiric great sword
Missiles
 f - 33 boomerangs (quivered)
 B - 94 sling bullets
 G - 11 throwing nets
 J - 8 large rocks
 O - 12 silver javelins
Armour
 b - a +0 shield (worn)
 m - a scarf of resistance
 s - a +1 cloak (worn)
 I - +0 steam dragon scales
 L - the +1 robe "Pufeim" (worn) {Regen+ Slay+2}
   (You found it in a Gauntlet)

   It affects your accuracy and damage with ranged weapons and melee attacks
   (+2).
   It increases your rate of regeneration.
 M - a +1 hat (worn)
Jewellery
 h - a ring of resist corrosion (right claw)
 i - an uncursed amulet of regeneration
 l - a +6 amulet of reflection (around neck)
 z - a ring of poison resistance (left claw)
 D - an uncursed amulet of the acrobat
Wands
 C - a wand of acid (13)
 H - a wand of flame (14)
 K - a wand of digging (5)
 P - a wand of paralysis (10)
 R - a wand of iceblast (6)
Scrolls
 c - 5 scrolls of identify
 g - 5 scrolls of teleportation
 k - 6 scrolls of fear
 q - 3 scrolls of enchant armour
 t - a scroll of blinking
 u - 4 scrolls of enchant weapon
 v - 4 scrolls of fog
 w - 8 scrolls of remove curse
 x - a scroll of amnesia
 y - a scroll of magic mapping
 N - 2 scrolls of immolation {unknown}
Potions
 a - 2 potions of might
 j - a potion of berserk rage
 o - 2 potions of agility
 p - 5 potions of haste
 r - 8 potions of curing
 A - 4 potions of flight
 T - a potion of heal wounds {unknown}
 U - a potion of degeneration {unknown}
 V - a potion of brilliance {unknown}
Miscellaneous
 e - a lamp of fire
 Q - a phial of floods
Comestibles
 d - 31 rations
 S - 3 chunks of flesh


   Skills:
 - Level 10.0 Fighting
 - Level 12.0 Throwing
 - Level 2.4 Dodging
 - Level 9.0 Shields
 - Level 12.0 Unarmed Combat
 * Level 9.0 Evocations


You had 13 spell levels left.
You didn't know any spells.
Your spell library contained the following spells:

 Spells                   Type           Power        Failure   Level  Hunger
 Beastly Appendage        Tmut           #.....       50%         1    ##.....
 Sandblast                Erth           #.....       50%         1    ##.....
 Passwall                 Tmut/Erth      #.......     65%         2    ###....
 Sticks to Snakes         Tmut           #.......     65%         2    ###....
 Spider Form              Tmut/Pois      #.........   86%         3    ####...
 Stone Arrow              Conj/Erth      #.....       86%         3    ####...
 Ice Form                 Ice/Tmut       #.......     99%         4    #####..
 Petrify                  Tmut/Erth      #.......     99%         4    #####..
 Blade Hands              Tmut           #.........   100%        5    ######.
 Lee's Rapid Deconstruct  Erth           #.........   100%        5    ######.


Dungeon Overview and Level Annotations

Branches:
Dungeon (15/15)            Temple (1/1) D:4            Lair (0/6) D:8
    Orc (0/2) D:11         Vaults (0/5) D:14         Depths (1/5) D:15
 Bailey (visited)         Gauntlet (visited)

Altars:
Ashenzari
Cheibriados
Dithmenos
Elyvilon
Fedhas
Gozag
Hepliaklqana
Kikubaaqudgha
Makhleb
Nemelex Xobeh
Okawaru
Qazlal
Ru
Sif Muna
Trog
Uskayaw
Vehumet
Wu Jian
Xom
Yredelemnul
Zin
The Shining One
Beogh

Shops:
D:13 *?![   D:15 %

Annotations:
D:14 Roxanne


Innate Abilities, Weirdness & Mutations

You are too large for most types of armour.
You have claws for hands.
Your metabolism is lightning-fast.
You like to eat raw meat.
Your natural rate of healing is unusually fast.
You are covered in fur. (AC +1)
You have extremely tough skin. (AC +3)
You have large cloven feet.
You are partially covered in rugged brown scales. (AC +1, +3% HP)
You are agile. (Dex +2)
Your flesh is heat resistant. (rF+)


Message History

The spark wasp closely misses you. The spark wasp misses you.
You block the spark wasp's attack.
You claw the spark wasp!
You kick the spark wasp, but do no damage.
The spark wasp is almost dead.
The spark wasp stings you! The spark wasp shocks you!
* * * LOW HITPOINT WARNING * * *
The spark wasp barely misses you. You block the spark wasp's attack.
You mangle the spark wasp!!
You kill the spark wasp!
Your Evocations skill increases to level 9!
The spark wasp stings you!
* * * LOW HITPOINT WARNING * * *
The spark wasp shocks you!
* * * LOW HITPOINT WARNING * * *
Unknown command.
The spark wasp stings you!
* * * LOW HITPOINT WARNING * * *
The spark wasp shocks you!
You die...

##### #...# ##...#
#....###### ####
#......#..#######...
#........#.........(
###......#.........)
###...........(...
#@............(...
#y#...............
#.################
#.'.....# #######.#


You could see a spark wasp.

Vanquished Creatures
  Rupert (D:14)
  A stone giant (Depths:1)
  2 spark wasps (Depths:1)
  A minotaur (Gauntlet)
  4 vault guards (D:14)
  A catoblepas (Gauntlet)
  7 two-headed ogres
  4 centaur warriors
  2 ogre magi
  A death knight (D:13)
  2 tengu warriors (D:15)
  A thrashing horror (Gauntlet)
  Nergalle (D:12)
  7 slime creatures (D:12)
  2 skeletal warriors (D:15)
  A wizard (D:14)
  2 unseen horrors
  An orc sorcerer (D:13)
  A phantasmal warrior (D:15)
  4 orc knights
  A stone giant zombie (D:15)
  A necromancer (D:15)
  4 ugly things
  2 deep elf magi
  A cyclops (D:14)
  A manticore (shapeshifter) (D:14)
  A manticore (D:12)
  Joseph (D:7)
  2 centaur zombies
  5 gargoyles
  2 freezing wraiths (D:13)
  A rime drake (shapeshifter) (D:14)
  A yaktaur (Depths:1)
  2 tengu conjurers (D:15)
  9 trolls
  A queen bee (D:8)
  2 hornets
  8 hippogriffs
  A fire dragon zombie (D:15)
  A deep troll zombie (D:15)
  A spriggan zombie (D:15)
  4 flying skulls (Gauntlet)
  A shadow (D:13)
  3 wyverns
  4 wraiths
  8 yaks
  A hungry ghost (D:7)
  A steam dragon (D:8)
  10 vampire mosquitoes
  A soldier ant (D:14)
  14 wargs (D:13)
  An acid dragon (D:15)
  2 water moccasins
  5 porcupines (D:8)
  2 ice beasts
  16 orc warriors
  An eye of draining (D:10)
  3 sky beasts
  3 black bears
  10 ogres
  3 phantoms
  14 centaurs
  2 big kobolds
  10 bullfrogs
  9 gnoll sergeants
  A wyvern zombie (D:12)
  7 scorpions
  26 killer bees
  7 wights
  3 jellies
  10 crimson imps
  2 bullfrog zombies
  A quasit (D:9)
  6 hounds
  12 orc wizards
  3 small abominations (Gauntlet)
  7 orc priests
  3 centaur skeletons
  Crazy Yiuf (D:3)
  3 bullfrog skeletons
  5 iguanas
  Terence (D:3)
  Jessica (D:3)
  6 gnoll shamans (Bailey)
  16 worker ants
  A hound skeleton (D:10)
  15 adders
  20 gnolls
  A shadow imp (D:12)
  2 oozes
  2 dart slugs
  2 worms
  7 leopard geckos
  105 orcs
  5 giant cockroaches
  11 goblins
  11 hobgoblins
  5 jackals
  6 quokkas
  2 ball pythons
  7 bats
  2 frilled lizards
  A jackal zombie (D:8)
  21 kobolds
  5 rats
  A plant (D:8)
575 creatures vanquished.

Vanquished Creatures (others)
  2 yaktaurs (Depths:1)
  An orc warrior (D:14)
  A centaur (D:14)
  2 orcs
  19 fungi (D:8)
  6 plants (D:8)
31 creatures vanquished.

Grand Total: 606 creatures vanquished

Notes
Turn   | Place    | Note
-------+----------+-------------------------------------------
     0 | D:1      | Linguinho the Troll Fighter began the quest for the Orb.
     0 | D:1      | Reached XP level 1. HP: 22/22 MP: 0/0
    51 | D:1      | Reached XP level 2. HP: 29/29 MP: 1/1
    53 | D:1      | You fall into a shaft and drop 1 floor!
   446 | D:2      | Reached XP level 3. HP: 36/36 MP: 2/2
  1059 | D:3      | Reached XP level 4. HP: 44/44 MP: 3/3
  1102 | D:3      | Noticed Jessica
  1108 | D:3      | Killed Jessica
  1140 | D:3      | Found a shadowy altar of Dithmenos.
  1199 | D:3      | Noticed Terence
  1212 | D:3      | Killed Terence
  1212 | D:3      | Reached XP level 5. HP: 46/53 MP: 4/4
  1251 | D:3      | Found a faded altar of an unknown god.
  1476 | D:3      | You fall into a shaft and drop 3 floors!
  1492 | D:6      | Found a white marble altar of Elyvilon.
  1540 | D:6      | Got a warped quarterstaff
  1547 | D:6      | Identified the +3 quarterstaff "Viv Ine" {freeze, *Contam
                  | MR+ Stlth+} (You found it on level 6 of the Dungeon)
  1727 | D:6      | Noticed a sky beast
  1734 | D:6      | Killed a sky beast
  1734 | D:6      | Reached XP level 6. HP: 44/61 MP: 5/5
  1933 | D:6      | Found a sacrificial altar of Ru.
  2078 | D:6      | Reached skill level 5 in Unarmed Combat
  2078 | D:6      | Reached XP level 7. HP: 60/67 MP: 6/6
  2081 | D:6      | Gained mutation: You are weak. (Str -2) [mutagenic glow]
  2382 | D:6      | Reached skill level 5 in Shields
  2586 | D:5      | Entered Level 5 of the Dungeon
  2792 | D:5      | Reached XP level 8. HP: 74/78 MP: 7/7
  3090 | D:4      | Found a blossoming altar of Fedhas.
  3490 | D:4      | Found a stormy altar of Qazlal.
  3583 | D:4      | Found a staircase to the Ecumenical Temple.
  3592 | Temple   | Entered the Ecumenical Temple
  3695 | Temple   | Became a worshipper of the Shining One
  4063 | D:3      | Found a runed translucent door.
  4064 | D:3      | Noticed Crazy Yiuf
  4281 | D:3      | Killed Crazy Yiuf
  5228 | D:7      | Noticed a hippogriff
  5243 | D:7      | Killed a hippogriff
  5243 | D:7      | Reached skill level 5 in Fighting
  5243 | D:7      | Reached XP level 9. HP: 58/88 MP: 8/8
  5361 | D:7      | Noticed Joseph
  5372 | D:7      | Killed Joseph
  5580 | D:7      | Found an opulent altar of Gozag.
  5584 | D:7      | Found an ancient bone altar of Kikubaaqudgha.
  5784 | D:8      | Noticed a deep elf mage
  5795 | D:8      | Killed a deep elf mage
  5823 | D:8      | Found a radiant altar of Vehumet.
  5956 | D:8      | Reached XP level 10. HP: 60/98 MP: 9/9
  6141 | D:8      | Reached * piety under the Shining One
  6184 | D:8      | Found a staircase to the Lair.
  6213 | D:8      | Noticed a gargoyle
  6221 | D:8      | Killed a gargoyle
  6252 | D:8      | Reached skill level 10 in Unarmed Combat
  7303 | D:10     | Entered Level 10 of the Dungeon
  7427 | D:10     | Reached ** piety under the Shining One
  7509 | D:10     | Found a flagged portal.
  7561 | Bailey   | Entered a bailey
  7632 | Bailey   | Reached XP level 11. HP: 97/109 MP: 10/10
  8125 | D:10     | Noticed a two-headed ogre
  8134 | D:10     | Killed a two-headed ogre
  8162 | D:10     | Paralysed by a hornet for 1 turns
  8249 | D:10     | Reached *** piety under the Shining One
  8633 | D:11     | Reached skill level 1 in Throwing
  8640 | D:11     | Found a staircase to the Orcish Mines.
  9021 | D:11     | Noticed a brown ugly thing
  9045 | D:11     | Killed a brown ugly thing
  9045 | D:11     | Reached skill level 5 in Throwing
  9144 | D:11     | Noticed a purple ugly thing
  9150 | D:11     | Noticed a cyan ugly thing
  9152 | D:11     | Killed a purple ugly thing
  9161 | D:11     | Killed a cyan ugly thing
  9249 | D:11     | Lost mutation: You are weak. (Str -2) [potion of mutation]
  9249 | D:11     | Gained mutation: You can translocate small distances at
                  | will. [potion of mutation]
  9249 | D:11     | Gained mutation: You are agile. (Dex +2) [potion of
                  | mutation]
  9249 | D:11     | Gained mutation: You are very agile. (Dex +4) [potion of
                  | mutation]
  9250 | D:11     | Lost mutation: You can translocate small distances at will.
                  | [potion of mutation]
  9250 | D:11     | Lost mutation: You are very agile. (Dex +4) [potion of
                  | mutation]
  9250 | D:11     | Gained mutation: You are partially covered in rugged brown
                  | scales. (AC +1, +3% HP) [potion of mutation]
  9250 | D:11     | Gained mutation: You are resistant to hostile enchantments.
                  | (MR+) [potion of mutation]
  9251 | D:11     | Lost mutation: You are agile. (Dex +2) [potion of mutation]
  9251 | D:11     | Lost mutation: You are resistant to hostile enchantments.
                  | (MR+) [potion of mutation]
  9251 | D:11     | Lost mutation: You are partially covered in rugged brown
                  | scales. (AC +1, +3% HP) [potion of mutation]
  9251 | D:11     | Gained mutation: You heal very quickly. [potion of
                  | mutation]
  9251 | D:11     | Gained mutation: Your muscles are strong. (Str +2) [potion
                  | of mutation]
  9252 | D:11     | Lost mutation: Your muscles are strong. (Str +2) [potion of
                  | mutation]
  9252 | D:11     | Lost mutation: You heal very quickly. [potion of mutation]
  9252 | D:11     | Gained mutation: You are agile. (Dex +2) [potion of
                  | mutation]
  9252 | D:11     | Gained mutation: You have large cloven feet. [potion of
                  | mutation]
  9252 | D:11     | Gained mutation: Your flesh is heat resistant. (rF+)
                  | [potion of mutation]
  9252 | D:11     | Gained mutation: You are partially covered in rugged brown
                  | scales. (AC +1, +3% HP) [potion of mutation]
  9277 | D:12     | Reached **** piety under the Shining One
  9284 | D:12     | Noticed Nergalle
  9293 | D:12     | Killed Nergalle
  9310 | D:12     | Reached XP level 12. HP: 68/125 MP: 11/11
 10076 | D:13     | Reached ***** piety under the Shining One
 10092 | D:13     | Found Pial's Armour Shop.
 10127 | D:13     | Found Wackel's Distillery.
 10187 | D:13     | Noticed a death knight
 10214 | D:13     | Found Ypiy's Magic Scroll Emporium.
 10226 | D:13     | Found Uwenolee's General Store.
 10286 | D:13     | Found a flickering gateway to a bazaar.
 10292 | Bazaar   | Entered a bazaar
 10292 | Bazaar   | Found Boggoiro's Antique Weapon Emporium.
 10292 | Bazaar   | Found Ydgho's Antique Armour Shop.
 10308 | Bazaar   | Found Goit's Food Emporium.
 10319 | Bazaar   | Found Kitysai's Distillery.
 10351 | D:13     | Killed a death knight
 10595 | D:13     | Bought a scroll of identify for 22 gold pieces
 10595 | D:13     | Bought a scroll of identify for 22 gold pieces
 10595 | D:13     | Bought a scroll of identify for 22 gold pieces
 10616 | D:13     | Bought a potion of berserk rage for 60 gold pieces
 11083 | D:13     | Reached skill level 10 in Fighting
 11281 | D:13     | Reached skill level 10 in Throwing
 11308 | D:13     | Noticed a tengu reaver
 11483 | D:14     | Reached XP level 13. HP: 134/136 MP: 12/12
 11503 | D:14     | Noticed Roxanne
 11539 | D:14     | Found a roughly hewn altar of Beogh.
 11622 | D:14     | Noticed Rupert
 11652 | D:14     | Killed Rupert
 11730 | D:14     | Found a bloodstained altar of Trog.
 11766 | D:14     | Found a gate leading to a gauntlet.
 11778 | Gauntlet | Entered a Gauntlet
 11778 | Gauntlet | Found a transporter.
 11778 | Gauntlet | Found a transporter.
 11778 | Gauntlet | Found a transporter.
 11875 | Gauntlet | Found a transporter.
 11878 | Gauntlet | Found a transporter.
 11888 | Gauntlet | Found a transporter.
 11888 | Gauntlet | Reached ****** piety under the Shining One
 11892 | Gauntlet | Found a transporter.
 11901 | Gauntlet | Noticed a reaper
 11902 | Gauntlet | Found a transporter.
 11904 | Gauntlet | Found a transporter.
 11995 | Gauntlet | Found a transporter.
 12005 | Gauntlet | Found a transporter.
 12009 | Gauntlet | Found a transporter.
 12213 | Gauntlet | Got an ancient robe
 12233 | Gauntlet | Identified the +1 robe "Pufeim" {Regen+ Slay+2} (You found
                  | it in a Gauntlet)
 12263 | Gauntlet | Noticed a minotaur
 12273 | Gauntlet | Killed a minotaur
 12303 | D:14     | Reached skill level 1 in Evocations
 12627 | D:14     | Found a gate to the Vaults.
 12643 | D:14     | HP: 6/136 [orc knight/+2 battleaxe of chopping (6)]
 13115 | D:15     | Entered Level 15 of the Dungeon
 13130 | D:15     | Reached skill level 5 in Evocations
 13158 | D:15     | Found a staircase to the Depths.
 13261 | D:15     | Found Qoguy's Food Emporium.
 13290 | D:15     | Reached XP level 14. HP: 146/147 MP: 17/17
 13959 | Depths:1 | Entered Level 1 of the Depths
 14185 | Depths:1 | Noticed a stone giant
 14197 | Depths:1 | Killed a stone giant
 14264 | Depths:1 | Slain by a spark wasp

Levels and vault maps discovered:
D:1:      dpeg_arrival_tiny_f, layout_rooms
D:2:      layout_basic, kennysheep_cross_room
D:3:      layout_basic, nicolae_dithmenos_shadow_blocks, first_ration,
          chequers_ecumenical_altar_grove, uniq_jessica,
          uniq_crazy_yiuf_cottage, uniq_terence
D:4:      layout_loops_ring, kennysheep_mini_moat, temple_hall, fedhas_altar_2
D:5:      layout_rooms
D:6:      layout_basic, elyvilon_altar_4, basic_altar
D:7:      layout_loops_ring, grunt_temple_overflow_open, uniq_joseph
D:8:      layout_rooms, vehumet_altar_wand_db, due_lair_maze_entry_diamond,
          minmay_misc_feat_tiny, david_nohive_1
D:9:      layout_irregular_city
D:10:     layout_roguey, enter_bailey_2
D:11:     layout_basic, david_orc_2
D:12:     layout_roguey, uniq_nergalle
D:13:     lemuel_castle_with_subvaults [lemuel_castle_interior_original],
          layout_irregular_city, serial_shops, bzr_entry_safe,
          kennysheep_little_box, shop, shop, nicolae_shop_behind_doors
D:14:     layout_roguey [special_room_orc], grunt_vaults_entry_fortified,
          basic_altar, gauntlet_entry_generic, uniq_rupert, uniq_roxanne
D:15:     gammafunk_depths_entry_grave, layout_basic, hex_intersection,
          serial_shops, shop
Temple:   kb_temple_of_zot
Depths:1: layout_forbidden_donut, hell_entry, pan_entry,
          roderic_serpentine_path, hallowed_hall, grunt_megastairs_1,
          minmay_shoptagon, uniq_mara, uniq_enchantress

Skill      XL: |  1  2  3  4  5  6  7  8  9 10 11 12 13 14 |
---------------+-------------------------------------------+-----
Shields        | 3 4 5 6 8 9 |  9.0
Unarmed Combat | 3 4 5 6 7 9 11 12 | 12.0
Fighting       | 3 4 5 7 8 10 | 10.0
Throwing       | 6 10 12 | 12.0
Evocations     | 6 9 |  9.0
Dodging        | |  2.4

Action                   |  1- 3 |  4- 6 |  7- 9 | 10-12 | 13-15 || total
-------------------------+-------+-------+-------+-------+-------++-------
Melee: Unarmed           |   119 |    49 |   388 |   819 |   375 ||  1750
       Quarterstaff      |       |    49 |       |       |       ||    49
       Kick              |       |       |       |   105 |   165 ||   270
Throw: Boomerang         |       |       |    10 |     1 |     1 ||    12
  Use: Scroll            |       |       |       |    18 |     2 ||    20
       Potion            |       |       |       |     9 |     1 ||    10
  Eat: Chunk             |    15 |     7 |    43 |    51 |    26 ||   142
Armor: Robe              |    35 |    26 |    95 |     1 |    40 ||   197
       Steam dragon scal |       |       |       |   151 |    15 ||   166
       Skin              |       |       |       |    65 |       ||    65
Dodge: Dodged            |    39 |    38 |   138 |   345 |   124 ||   684
Block: Shield            |    52 |    11 |   193 |   481 |   301 ||  1038
       Reflection        |       |       |       |       |    33 ||    33
